Map: [ESL] Inside and Out

Players

milkicow

  • Race: Terran Terran
  • Spawn Location: 7:00

Clem - Winner!

  • Race: Terran Terran
  • Spawn Location: 1:00

Event: DreamHack SC2 Masters 2022 Atlanta (Online)

VOD

Have the link to the VOD?

Description

Time

  • Played on: Sept. 30, 2022, 10:33 a.m.
  • Length: 19:11

All games in this series

Show
View Real Time Build Order
Export as new Build Order

milkicow Terran 

Build Orders:  

Get SALT Encoding   

  12  0:00  SCV  
  13  0:12  SCV  
  14  0:17  Supply Depot  
  14  0:24  SCV  
  15  0:39  SCV  
  15  0:41  Barracks  
  16  0:45  Refinery  
  16  0:51  SCV  
  16  0:55  Refinery  
  17  1:03  SCV  
  18  1:15  SCV  
  19  1:28  Orbital Command  
  19  1:29  Barracks Tech Lab  
  19  1:32  Supply Depot  
  19  1:43  Factory  
  19  1:50  Marauder  
  21  1:54  SCV  
  21  1:58  Concussive Shells  
  22  2:06  SCV  
  23  2:12  Marauder  
  25  2:15  Supply Depot  
  25  2:20  SCV  
  26  2:27  Hellion  
  28  2:34  Starport  
  28  2:39  Marauder  
  28  2:41  SCV  
  31  2:48  Hellion  
  33  2:52  Bunker  
  33  3:02  Marauder  
  33  3:12  Hellion, Medivac  
  37  3:16  Supply Depot  
  37  3:40  SCV  
  38  3:45  Command Center  
  38  3:46  Factory Tech Lab  
  38  3:49  Starport Tech Lab  
  38  3:52  SCV  
  39  4:09  SCV  
  40  4:11  Command Center  
  40  4:18  Raven  
  40  4:27  SCV  
  42  4:31  Cyclone  
  42  4:32  Barracks Reactor  
  42  4:40  SCV  
  42  4:44  Refinery  
  43  4:52  SCV  
  44  4:58  Orbital Command  
  44  5:04  SCV  
  40  5:11  Siege Tank  
  42  5:16  SCV  
  41  5:22  Raven  
  41  5:23  Marine x2  
  41  5:25  SCV, Orbital Command  
  41  5:28  SCV  
  47  5:38  SCV  
  47  5:40  SCV, Marine  
  47  5:41  Marine  
  47  5:46  Siege Tank  
  50  5:50  SCV  
  50  5:52  SCV  
  50  5:53  SCV  
  53  5:58  Marine x2  
  53  6:00  Refinery  
  53  6:02  SCV  
  56  6:04  SCV  
  56  6:05  SCV  
  56  6:07  Raven  
  60  6:13  Barracks  
  60  6:14  Supply Depot, Barracks  
  60  6:16  SCV, Marine  
  62  6:20  Siege Tank  
  64  6:26  SCV  
  64  6:29  SCV  
  64  6:31  SCV  
  67  6:36  Supply Depot  
  67  6:37  Engineering Bay x2  
  67  6:39  Marine x2  
  68  6:40  SCV  
  68  6:42  SCV  
  68  6:45  SCV  
  71  6:52  SCV  
  71  6:54  SCV  
  71  6:55  Siege Tank  
  71  6:57  SCV  
  75  7:04  SCV, Viking x2  
  75  7:05  Barracks Reactor  
  75  7:07  Barracks Reactor, SCV  
  81  7:09  SCV  
  82  7:16  SCV  
  82  7:19  SCV  
  82  7:21  SCV  
  82  7:28  SCV  
  81  7:31  SCV  
  81  7:33  SCV, Siege Tank  
  81  7:34  Viking  
  88  7:37  Stimpack  
  88  7:40  SCV  
  88  7:43  SCV  
  88  7:44  Viking, Marine x2  
  90  7:45  Marine  
  93  7:51  Supply Depot  
  93  7:52  Supply Depot  
  93  7:56  Terran Infantry Armor Level 1, Terran Infantry Weapons Level 1  
  93  8:00  Barracks  
  93  8:08  Supply Depot  
  93  8:09  Supply Depot  
  93  8:13  Siege Tank, Marine x2  
  93  8:15  Viking  
  93  8:16  Marine x2  
  93  8:19  Viking  
  104  8:23  SCV  
  105  8:28  SCV  
  105  8:32  SCV, Marine x2  
  109  8:35  SCV  
  110  8:44  Marine  
  110  8:46  Marine x2  
  110  8:47  SCV  
  106  8:48  Viking  
  106  8:49  Siege Tank  
  106  8:50  SCV, Marine x2  
  106  8:52  Orbital Command  
  106  8:54  Barracks Reactor  
  112  8:58  Armory  
  112  8:59  SCV  
  112  9:00  Refinery  
  112  9:02  Marine  
  114  9:04  Marine  
  114  9:08  Barracks  
  114  9:09  Viking, SCV  
  118  9:12  SCV  
  119  9:18  Supply Depot  
  119  9:20  Missile Turret  
  119  9:23  Siege Tank  
  122  9:25  Refinery, Marine  
  122  9:27  Viking  
  122  9:28  SCV  
  125  9:35  Sensor Tower  
  125  9:39  Marine x3  
  125  9:40  Viking  
  125  9:41  Combat Shield  
  133  9:49  Supply Depot  
  133  9:51  Marine  
  131  9:53  Command Center  
  131  9:56  Terran Infantry Weapons Level 2  
  131  9:59  Marine  
  132  10:00  Marine x2  
  132  10:05  Supply Depot, Terran Infantry Armor Level 2  
  133  10:08  Supply Depot  
  133  10:10  Marine  
  133  10:11  Barracks Reactor  
  133  10:12  Marine x2  
  136  10:18  Siege Tank  
  136  10:19  SCV  
  140  10:23  Missile Turret, Marine  
  140  10:24  Marine  
  140  10:27  Medivac, Marine x2  
  140  10:28  Marine  
  145  10:29  Medivac  
  145  10:31  Marine  
  145  10:33  Marine  
  145  10:34  Supply Depot  
  148  10:36  SCV  
  148  10:41  Marine  
  148  10:42  Supply Depot, Factory, Marine  
  151  10:44  Marine x2  
  151  10:46  Marine  
  151  10:47  Marine  
  151  10:49  Marine  
  155  10:56  Siege Tank  
  158  10:58  SCV x2  
  158  11:02  Marine  
  160  11:07  Marine  
  160  11:08  Marine x2  
  160  11:10  Viking x2, Marine  
  168  11:12  Refinery x2  
  168  11:13  SCV, Marine  
  168  11:14  SCV, Marine  
  170  11:18  Marine  
  170  11:20  Marine  
  170  11:21  Barracks Reactor  
  170  11:22  SCV  
  170  11:25  SCV, Marine  
  173  11:28  Siege Tank  
  173  11:31  Marine  
  177  11:36  SCV, Starport  
  177  11:37  Starport  
  177  11:39  Planetary Fortress  
  178  11:40  SCV  
  178  11:41  SCV  
  178  11:44  Supply Depot, Marine  
  179  11:49  SCV  
  179  11:51  Sensor Tower, Siege Tank  
  182  11:54  Viking  
  182  11:56  Viking  
  182  11:58  Terran Vehicle Weapons Level 1  
  185  12:09  Marine x2  
  185  12:10  Siege Tank  
  190  12:15  Supply Depot  
  190  12:18  Marine  
  191  12:24  Viking, Marine  
  194  12:30  Marine  
  194  12:31  Marine  
  194  12:33  Starport Tech Lab x2  
  195  12:38  Marine  
  195  12:41  Command Center  
  197  12:46  Command Center  
  197  12:49  Viking  
  197  12:51  Terran Infantry Weapons Level 3, Terran Infantry Armor Level 3  
  198  12:54  Armory  
  198  12:56  Command Center  
  198  13:01  Missile Turret  
  197  13:07  Marine  
  197  13:10  Marine  
  186  13:13  Raven, Marine x2  
  186  13:14  Viking, Raven  
  186  13:16  Siege Tank  
  190  13:21  Corvid Reactor  
  190  13:31  Viking  
  190  13:32  Marine  
  190  13:34  Marine  
  186  13:35  Marine  
  183  13:42  Marine  
  183  13:45  Viking  
  183  13:46  Marine x3  
  189  13:54  Marine x2  
  189  13:55  Marine  
  170  13:56  Siege Tank, Raven x2  
  170  13:57  Marine  
  170  14:00  Marine  
  170  14:01  Viking  
  179  14:03  Marine  
  180  14:12  SCV  
  180  14:14  Marine  
  180  14:15  Marine x3  
  181  14:17  Marine x2  
  181  14:18  Marine  
  181  14:19  Marine  
  181  14:20  Marine  
  181  14:21  Marine  
  162  14:32  SCV, Marine x2  
  162  14:33  SCV x3, Marine x2  
  162  14:35  Marine x2  
  162  14:36  Viking, Marine  
  162  14:37  Marine x2  
  177  14:38  Marine  
  177  14:39  Raven x2  
  177  14:44  SCV  
  177  14:45  SCV x2  
  183  14:47  SCV  
  183  14:50  Marine x2  
  183  14:51  Marine x2  
  185  14:52  Marine  
  185  14:54  Marine  
  185  14:56  Marine  
  185  14:57  SCV x3  
  185  14:58  Marine  
  183  15:06  Marine x2  
  168  15:08  Marine x2  
  168  15:11  Marine x2  
  168  15:12  Marine  
  150  15:15  Marine  
  150  15:16  Marine  
  150  15:17  Marine  
  150  15:21  SCV  
  142  15:22  Raven  
  142  15:24  SCV  
  142  15:26  Raven  
  142  15:27  Siege Tank  
  147  15:31  SCV  
  147  15:33  SCV  
  147  15:34  Siege Tank  
  152  15:41  Marine  
  153  15:45  Marine  
  153  15:47  Marine x2  
  153  15:49  Marine x2  
  157  15:54  Marine x2  
  157  15:55  Marine x2  
  150  15:59  Siege Tank, Marine  
  150  16:02  SCV, Marine  
  154  16:05  Raven  
  154  16:07  Planetary Fortress  
  154  16:09  Raven  
  158  16:15  Missile Turret, Siege Tank  
  161  16:19  Sensor Tower  
  161  16:22  Marine  
  162  16:26  Marine  
  162  16:31  Viking x2  
  167  16:36  SCV  
  167  16:39  Siege Tank, Marine  
  171  16:40  Marine  
  171  16:46  Command Center  
  173  16:48  Raven, Marine  
  173  16:50  Marine x2  
  173  16:53  Marine x2  
  180  16:57  Missile Turret, Sensor Tower  
  180  16:59  SCV x2  
  182  17:02  SCV  
  182  17:05  Marine x3  
  187  17:08  Marine  
  187  17:09  Marine x2  
  187  17:13  Marine  
  190  17:17  Marine  
  190  17:18  Raven  
  190  17:21  Refinery  
  190  17:22  Refinery  
  192  17:23  Marine  
  192  17:28  Marine  
  192  17:29  Marine  
  195  17:30  Marine  
  195  17:35  SCV  
  195  17:36  Marine  
  195  17:37  Marine x2  
  194  17:38  Marine  
  194  17:39  SCV x2  
  195  17:46  Marine  
  195  17:47  Marine x3  
  195  17:48  Viking, Raven  
  195  17:49  Marine  
  195  17:50  Siege Tank  
  179  17:54  Marine  
  179  17:56  Marine x2  
  179  17:57  Viking  
  148  18:01  Raven  
Show
View Real Time Build Order
Export as new Build Order

Clem Terran - Winner!

Build Orders:  

Get SALT Encoding   

  12  0:00  SCV  
  13  0:12  SCV  
  14  0:17  Supply Depot  
  14  0:24  SCV  
  15  0:38  SCV  
  15  0:39  Barracks  
  16  0:43  Refinery  
  16  0:50  SCV  
  17  1:01  Refinery  
  17  1:02  SCV  
  18  1:14  SCV  
  19  1:26  Reaper  
  19  1:27  Orbital Command  
  19  1:31  Supply Depot  
  20  1:48  Factory  
  20  1:53  SCV  
  21  1:54  Bunker  
  21  1:58  Reaper  
  22  2:05  SCV  
  23  2:17  SCV  
  24  2:30  Supply Depot, Marine  
  24  2:33  Hellion  
  24  2:34  SCV  
  28  2:48  Marine  
  29  2:54  Command Center  
  28  2:59  Factory Tech Lab  
  28  3:00  SCV  
  29  3:06  Marine  
  29  3:13  SCV  
  29  3:17  Siege Tank  
  33  3:25  Starport  
  33  3:26  SCV  
  34  3:29  Marine  
  35  3:36  Supply Depot  
  35  3:38  SCV  
  36  3:49  Cyclone  
  36  3:50  Barracks Tech Lab  
  39  3:58  SCV  
  40  4:10  SCV  
  40  4:15  Refinery  
  41  4:19  Raven  
  41  4:22  SCV  
  44  4:24  Cyclone  
  45  4:34  SCV, Orbital Command  
  45  4:36  Marine  
  46  4:44  Supply Depot  
  46  4:46  SCV  
  47  4:54  Marine  
  47  4:58  SCV  
  47  4:59  Siege Tank  
  52  5:00  SCV  
  52  5:10  SCV  
  52  5:12  SCV  
  52  5:20  Banshee  
  55  5:22  Command Center  
  55  5:23  SCV  
  55  5:24  Marine  
  57  5:29  Supply Depot  
  57  5:31  SCV  
  57  5:35  SCV  
  57  5:42  Siege Tank  
  60  5:43  SCV  
  62  5:50  Barracks Reactor, SCV  
  62  5:52  Refinery  
  62  5:54  Supply Depot  
  62  5:55  SCV  
  63  6:02  SCV  
  63  6:04  Raven  
  66  6:07  SCV  
  67  6:14  Supply Depot, SCV  
  68  6:19  SCV  
  68  6:21  Siege Tank  
  71  6:26  SCV  
  71  6:30  Barracks  
  71  6:31  SCV  
  73  6:33  Barracks  
  73  6:35  Orbital Command  
  73  6:39  SCV  
  74  6:43  Supply Depot, SCV  
  75  6:51  Engineering Bay, SCV  
  75  6:52  Engineering Bay  
  76  6:55  Viking, Siege Tank  
  76  6:58  Viking, Orbital Command  
  76  7:00  SCV  
  82  7:03  SCV  
  78  7:12  SCV  
  78  7:15  SCV, Marine  
  76  7:24  SCV  
  76  7:27  SCV x2  
  76  7:33  Marine  
  76  7:34  Viking  
  76  7:36  SCV  
  76  7:42  Viking  
  77  7:45  SCV  
  77  7:47  SCV  
  77  7:48  SCV  
  80  7:53  Siege Tank  
  80  7:57  SCV  
  84  8:03  Barracks Reactor x2, Marine  
  84  8:04  SCV x2  
  86  8:09  Viking  
  86  8:10  SCV  
  89  8:13  Supply Depot  
  89  8:15  Viking  
  89  8:19  SCV x2  
  93  8:22  SCV  
  93  8:23  Terran Infantry Weapons Level 1  
  93  8:26  Terran Infantry Armor Level 1  
  94  8:31  SCV, Marine  
  92  8:34  Siege Tank  
  92  8:38  SCV  
  92  8:39  Supply Depot  
  92  8:40  Marine x4  
  100  8:46  Viking  
  86  8:49  Viking, Marine  
  86  8:50  SCV x2  
  86  8:52  SCV  
  92  8:57  Combat Shield  
  92  8:59  Barracks  
  92  9:00  Barracks  
  92  9:01  Marine x3  
  95  9:03  SCV x2  
  95  9:07  SCV  
  98  9:11  Refinery x2, Sensor Tower, Marine  
  98  9:15  SCV x2  
  98  9:16  Marine  
  102  9:19  SCV  
  102  9:22  Supply Depot  
  103  9:24  Siege Tank  
  103  9:25  Marine  
  103  9:27  SCV  
  103  9:28  SCV  
  103  9:31  SCV, Marine x2  
  111  9:32  Marine  
  112  9:40  SCV  
  112  9:41  SCV  
  112  9:42  Armory  
  112  9:44  Marine  
  115  9:49  Barracks Reactor  
  115  9:50  Barracks Reactor  
  115  9:51  Marine x2  
  116  9:55  Factory  
  116  9:57  Command Center  
  116  10:04  Marine x2  
  116  10:05  Supply Depot  
  116  10:06  Medivac x2  
  116  10:07  Supply Depot  
  122  10:09  Siege Tank  
  122  10:11  Marine  
  126  10:14  Marine  
  126  10:16  SCV x2, Missile Turret  
  126  10:17  SCV  
  126  10:18  Supply Depot  
  126  10:19  Marine  
  130  10:24  Marine x2  
  130  10:27  Marine x4  
  137  10:28  SCV  
  137  10:30  Stimpack  
  137  10:32  Supply Depot  
  135  10:37  Terran Infantry Weapons Level 2  
  135  10:38  Supply Depot, Factory Tech Lab  
  135  10:40  SCV x3  
  138  10:44  Siege Tank  
  138  10:48  Marine  
  142  10:52  SCV, Terran Infantry Armor Level 2  
  142  10:53  Missile Turret  
  143  11:00  Siege Tank  
  143  11:02  Marine  
  143  11:03  Marine  
  148  11:08  SCV  
  148  11:13  Sensor Tower  
  148  11:14  Refinery  
  148  11:15  Viking  
  148  11:16  Siege Tank  
  148  11:17  Terran Vehicle Weapons Level 1  
  150  11:18  Refinery  
  150  11:19  Viking  
  150  11:21  SCV  
  150  11:22  SCV x2  
  155  11:26  Marine x4  
  155  11:28  Marine x3  
  155  11:29  Marine  
  163  11:33  SCV  
  163  11:38  Supply Depot, Siege Tank  
  167  11:43  Marine  
  167  11:44  Marine  
  167  11:45  Supply Depot, Planetary Fortress  
  168  11:50  Command Center  
  168  11:54  Medivac x2  
  171  11:58  Siege Tank  
  171  11:59  Marine  
  171  12:00  Marine x2  
  171  12:01  Marine x2  
  174  12:08  Marine x3  
  174  12:09  Starport  
  174  12:11  Starport  
  177  12:16  Siege Tank  
  177  12:17  Marine  
  181  12:22  Command Center  
  181  12:25  Marine  
  181  12:26  Marine x2  
  181  12:27  Marine x3  
  185  12:32  Siege Tank  
  185  12:34  SCV, Marine  
  188  12:40  Viking x2  
  188  12:41  Missile Turret, Marine x2  
  188  12:43  Marine  
  195  12:44  Marine x2  
  195  12:49  Starport Tech Lab  
  195  12:50  Starport Tech Lab  
  197  12:58  Command Center  
  197  12:59  Command Center  
  197  13:08  Raven x2  
  197  13:10  Refinery  
  197  13:12  Missile Turret  
  192  13:14  Refinery, Viking x2  
  192  13:15  Corvid Reactor  
  196  13:34  Planetary Fortress  
  186  13:36  Terran Infantry Weapons Level 3  
  185  13:44  Viking, SCV  
  185  13:45  SCV  
  186  13:51  Raven x2  
  186  13:54  Viking, Hellbat  
  184  13:56  Refinery  
  184  13:57  Refinery, Siege Tank  
  180  14:05  Marine x2  
  180  14:06  SCV  
  180  14:08  SCV x2  
  179  14:10  SCV  
  179  14:14  Viking, Terran Vehicle Weapons Level 2  
  179  14:15  Siege Tank  
  178  14:18  Marine x6  
  178  14:19  SCV  
  182  14:29  Hellbat  
  182  14:30  SCV x2, Planetary Fortress  
  179  14:35  Viking  
  179  14:36  Raven x2  
  183  14:39  SCV  
  183  14:43  Marine x2  
  183  14:44  Marine x2  
  187  14:46  SCV, Marine  
  187  14:47  Hellbat  
  187  14:51  Siege Tank  
  187  14:52  Marine x4  
  198  15:01  Marine x2  
  191  15:08  Siege Tank  
  182  15:19  Raven x2  
  182  15:20  Marine x6  
  170  15:22  Viking x2  
  170  15:25  Siege Tank  
  170  15:28  Terran Infantry Armor Level 3  
  177  15:30  Marine  
  178  15:39  Marine  
  179  15:46  Siege Tank  
  179  15:48  Marine x3  
  174  15:57  Marine  
  174  15:58  Refinery  
  174  16:00  Viking x2  
  174  16:01  Siege Tank, Marine x3  
  174  16:02  Raven  
  175  16:06  Marine x3  
  175  16:07  Starport  
  175  16:09  SCV x2  
  178  16:13  Missile Turret  
  178  16:14  Barracks Reactor, Sensor Tower, Marine  
  178  16:16  Missile Turret, Raven  
  181  16:21  Siege Tank  
  184  16:30  Terran Vehicle And Ship Armor Level 1, Medivac x2  
  184  16:36  Siege Tank  
  185  16:46  Viking x2  
  189  16:54  Siege Tank  
  192  16:56  Orbital Command  
  192  16:57  Orbital Command  
  192  16:58  Sensor Tower  
  192  17:00  Viking x2  
  196  17:06  Raven x2  
  200  17:25  Armory  
  198  17:33  Hellbat  
  200  17:49  Raven  
  200  17:51  Viking x4, Raven  
  187  17:56  Siege Tank  
  187  17:57  Marine  
  185  18:21  Viking x4  
Tags
 
Add a new tag
Caveats
  • Supply blocks, unpowered buildings, or Contaminate may cause inaccurate times.
  • Supply counts are checked every 10 seconds.